 Dungeon Crawl Stone Soup version 0.32-a0-921-g04a7ad8e02 (webtiles) character file.

Game seed: 8905306048275426444

194 mopl the Caller (level 5, 0/38 HPs)
             Began as a Draconian Summoner on Apr 11, 2024.
             Killed by divine providence
             ... invoked by an orc priest
              (15 damage)
             ... on level 4 of the Dungeon.
             The game lasted 00:03:37 (2571 turns).

mopl the Caller (Draconian Summoner)                Turns: 2571, Time: 00:03:38

Health: 0/38       AC:  5    Str: 11    XL:     5   Next: 44%
Magic:  8/10       EV: 11    Int: 17    God:
Gold:   128        SH:  0    Dex: 11    Spells: 5/11 levels left

rFire   . . .        g - +0 spear (heavy)
rCold   . . .        h - orb {light}
rNeg    . . .        (body armour unavailable)
rPois   .            (helmet restricted)
rElec   .            (no cloak)
rCorr   .            (no gloves)
SInv    .            (no boots)
Will    +....        (no amulet)
Stlth   +            f - ring of willpower
HPRegen 0.26/turn    (no ring)
MPRegen 0.12/turn

%: no passive effects
@: glowing, inugami summoned
A: AC +5, unfitting armour, cold-blooded
a: Convert to Beogh


You were on level 4 of the Dungeon.
You visited 1 branch of the dungeon, and saw 4 of its levels.

You collected 128 gold pieces.

Inventory:

Hand Weapons
 c - a +0 dagger
 g - a +0 heavy spear (weapon)
 n - a +0 dagger of venom
Missiles
 p - 4 boomerangs
Armour
 h - an orb of light (worn)
Jewellery
 f - a ring of willpower (left hand)
Scrolls
 b - 2 scrolls of brand weapon {unknown}
 e - a scroll of vulnerability {unknown}
 i - 2 scrolls of teleportation {unknown}
 j - a scroll of identify {unknown}
 k - 2 scrolls of amnesia {unknown}
 m - a scroll of fog {unknown}
Potions
 a - a potion of magic
 d - 2 potions of curing {unknown}
 l - a potion of heal wounds {unknown}
 o - a potion of invisibility {unknown}


   Skills:
 + Level 1.9 Polearms
 - Level 1.7 Dodging
 - Level 1.7 Stealth
 * Level 3.7 Spellcasting
 * Level 5.3 Summonings


You had 5 spell levels left.
You knew the following spells:

 Your Spells              Type           Power      Damage    Failure   Level
a - Summon Small Mammal   Summ           84%        N/A       1%          1
b - Call Imp              Summ           42%        N/A       2%          2
c - Call Canine Familiar  Summ           21%        N/A       5%          3

Your spell library contained the following spells:

 Spells                   Type           Power      Damage    Failure   Level
 Summon Blazeheart Golem  Fire/Summ      12%        N/A       47%         4
 Summon Lightning Spire   Summ/Air       12%        N/A       47%         4


Dungeon Overview and Level Annotations

Branches:
Dungeon (4/15)
 Temple: D:4-7

Altars:
Yredelemnul
The Shining One


Innate Abilities, Weirdness & Mutations

Your plain brown scales are hard. (AC +5)
You cannot fit into any form of body armour.
You are cold-blooded and may be slowed by cold attacks.


Message History

Your inugami hits the orc priest.
The orc priest hits you with a +0 dagger.
You barely miss the orc priest.
The orc priest is lightly wounded.
The orc hits your inugami with a +0 falchion.
Your inugami hits the orc priest but does no damage.
The orc priest hits you with a +0 dagger.
The orc hits your inugami but does no damage.
An endoplasm comes into view.
Found a stone staircase leading up.
The endoplasm quivers.
The orc warrior closely misses you.
Your inugami barely misses the orc priest.
The orc misses your inugami.
The orc warrior attacks as it pursues you!
The orc warrior hits you from afar with a +0 trident!
Your inugami hits the orc priest but does no damage.
The orc barely misses your inugami.
The orc priest shouts, "Beogh offers mercy even to people such as you.
Join us and be reborn!" (press Y on the ability menu to convert to Beogh)
The orc priest begins to cast a cantrip, but forgets the words!
Your inugami hits the orc priest.
Something hits your inugami but does no damage.
The orc closely misses your inugami.
Your inugami hits the orc warrior.
The orc hits your inugami with a +0 falchion.
The orc priest mumbles some strange prayers to Beogh against you.
You resist with some effort.
Your inugami barely misses the orc.
The orc hits your inugami with a +0 falchion.
Your inugami hits the orc. The orc misses your inugami.
The orc warrior attacks as it pursues you!
The orc warrior completely misses you.
The orc priest invokes the aid of Beogh against you.
Beogh smites you!
The orc warrior attacks as it pursues you!
The orc warrior closely misses you.
There is a stone staircase leading up here.
The orc priest mumbles some strange prayers to Beogh against you.
Beogh smites you!
You die...

######## ##......##
##.......^##
#..........# .
#..........# ...
#########...@......#
...##...#...#.)........#
..:#............o......#
.##...................##
...............ooJ.....#
##....................#
.###...........h.......#
............#.o........#
....#...#####..........#


You could see an orc warrior, an orc priest (ally target), 2 orcs, an endoplasm
and a friendly inugami (summoned).

Vanquished Creatures
  Natasha (twice) (D:3)
  An adder (D:2)
  4 orcs
  5 endoplasms
  A giant cockroach (D:1)
  9 goblins
  10 hobgoblins
  4 jackals (D:2)
  A quokka (D:2)
  5 ball pythons
  5 bats (D:1)
  2 frilled lizards (D:2)
  10 kobolds
  8 rats
67 creatures vanquished.

Vanquished Creatures (collateral kills)
  An orc wizard (D:2)
  Natasha (D:3)
  A ribbon worm (D:3)
  A ball python (D:3)
  A bat (D:3)
  An endoplasm (D:3)
  A goblin (D:3)
  3 jackals (D:3)
10 creatures vanquished.

Grand Total: 77 creatures vanquished

Notes
Turn   | Place    | Note
-------+----------+-------------------------------------------
     0 | D:1      | mopl the Draconian Summoner began the quest for the Orb.
     0 | D:1      | Reached XP level 1. HP: 14/14 MP: 3/3
   249 | D:1      | Reached XP level 2. HP: 20/20 MP: 5/5
   264 | D:1      | Learned a level 2 spell: Call Imp
   785 | D:1      | Reached XP level 3. HP: 26/26 MP: 6/6
   888 | D:2      | Learned a level 3 spell: Call Canine Familiar
  1072 | D:2      | Reached skill level 1 in Polearms
  1103 | D:2      | Reached skill level 3 in Spellcasting
  1298 | D:2      | Reached XP level 4. HP: 33/33 MP: 4/8
  1764 | D:3      | Noticed Natasha
  1870 | D:3      | Reached skill level 5 in Summonings
  1870 | D:3      | Killed Natasha
  1871 | D:3      | Reached XP level 5. HP: 28/38 MP: 5/10
  1891 | D:3      | Noticed Natasha
  2133 | D:3      | Killed Natasha
  2235 | D:3      | Noticed Natasha
  2237 | D:3      | Killed Natasha
  2264 | D:3      | Found a glowing golden altar of the Shining One.
  2271 | D:3      | Found a basalt altar of Yredelemnul.
  2273 | D:3      | Noticed a profane servitor
  2380 | D:3      | Noticed an angel
  2554 | D:4      | Noticed an orc warrior
  2571 | D:4      | Killed from afar by an orc priest

Illustrated notes

Levels and vault maps discovered:
D:1:      dpeg_arrival_water_temple_mockup, layout_basic
D:2:      layout_basic, minmay_goblin_outpost
D:3:      layout_rooms, grunt_temple_overflow_holy_war, uniq_natasha
D:4:      layout_rooms, uniq_grinder

Skill      XL: |  1  2  3  4 |
---------------+-------------+-----
Polearms       | 1 |  1.9
Spellcasting   | 3 |  3.7
Summonings     | 5 |  5.3
Dodging        | |  1.7
Stealth        | |  1.7

Action                     |  1- 3 |  4- 6 || total
---------------------------+-------+-------++-------
  Melee: Dagger            |    24 |       ||    24
         Unarmed           |     5 |       ||     5
         Tailslap          |    11 |     8 ||    19
         Spear             |   100 |    54 ||   154
   Cast: Call Canine Famil |     1 |     4 ||     5
         Call Imp          |       |     1 ||     1
   Stab: Sleeping          |     3 |       ||     3
 Armour: Skin              |   123 |    58 ||   181
  Dodge: Dodged            |    79 |    42 ||   121

Table legend: (Time is in decaauts)
 A = Elapsed time spent in this place.
 B = Non-inter-level travel time spent in this place.
 C = Inter-level travel time spent in this place.
 D = Time resting spent in this place.
 E = Time spent auto-exploring this place.
 F = Levels seen in this place.
 G = Mean time per level.
                   A        B        C        D        E       F      G
               +--------+--------+--------+--------+--------+-----+--------+
         Total |   2671 |   2579 |     92 |    507 |   1434 |   4 |  667.8 |
       Dungeon |   2671 |   2579 |     92 |    507 |   1434 |   4 |  667.8 |
               +--------+--------+--------+--------+--------+-----+--------+

Top non-repeatable levels by time:
     D:2: 1039 daAuts
     D:1: 916 daAuts
     D:3: 678 daAuts
     D:4: 37 daAuts
